 Dungeon Crawl Stone Soup version 0.20.1-1-g8b1a95d (webtiles) character file.

26369 Vasilisck the Destroyer (level 12, -5/95 HPs)
             Began as a Green Draconian Conjurer on Dec 3, 2017.
             Was a High Priest of Hepliaklqana.
             Slain by a spiny frog (8 damage)
             ... on level 6 of the Lair of Beasts.
             The game lasted 01:47:12 (16962 turns).

Vasilisck the Destroyer (Green Draconian Conjurer) Turns: 16962, Time: 01:47:13

Health: -5/95      AC:  2    Str: 14    XL:     12   Next: 97%
Magic:  4/43       EV: 26    Int: 19    God:    Hepliaklqana [*****.]
Gold:   757        SH:  0    Dex: 17    Spells: 10/29 levels left

rFire    . . .     SeeInvis .   (weapon currently unavailable)
rCold    . . .     Gourm    .   (shield currently unavailable)
rNeg     . . .     Faith    .   (armour unavailable)
rPois    x         Spirit   .   (helmet currently unavailable)
rElec    .         Reflect  .   (cloak currently unavailable)
rCorr    .         Harm     .   (gloves currently unavailable)
MR       .....                  (boots currently unavailable)
Stlth    ++........             (no amulet)
Regen    0.7/turn               t - ring of magical power
MPRegen  0.3/turn               S - ring of magical power

@: short of breath, spider-form
A: (breathe noxious fumes), unfitting armour, reduced essence, regeneration 1,
strong 1, AC +8
a: End Transformation, Recall Ancestor, Ancestor Identity, Transference,
Idealise, Renounce Religion


You were on level 6 of the Lair of Beasts.
You worshipped Hepliaklqana.
Hepliaklqana was extremely pleased with you.
You were hungry.
You were a venomous arachnid creature.
You visited 2 branches of the dungeon, and saw 14 of its levels.

You collected 815 gold pieces.
You spent 58 gold pieces at shops.

Inventory:

Hand Weapons
 h - a +0 mace of holy wrath
 i - a +2 scythe of distortion (melded)
Armour
 m - a +1 pair of boots (melded)
 x - the +0 pair of gloves of Fuiverghusa (melded) {rN+}
   (You found it on level 6 of the Dungeon)

   It protects you from negative energy.
Jewellery
 e - a +5 ring of slaying
 n - an uncursed ring of positive energy
 t - a ring of magical power (left front leg)
 A - an uncursed ring of flight
 F - a +4 ring of protection
 H - an uncursed ring of ice
 L - an uncursed ring of fire
 N - a +5 ring of strength
 P - an uncursed ring of see invisible
 R - an uncursed ring of protection from fire
 S - a ring of magical power (right front leg)
Wands
 d - a wand of polymorph (9/24)
 s - a wand of polymorph (13/24)
 u - a wand of paralysis (14/24)
 w - a wand of lightning (12/15)
 z - a wand of scattershot (4/9)
 C - a wand of polymorph (12/24)
 D - a wand of random effects (39/48)
Scrolls
 c - 5 scrolls of identify
 j - 5 scrolls of remove curse
 k - 3 scrolls of magic mapping
 l - a scroll of enchant weapon
 p - a scroll of recharging
 v - 3 scrolls of teleportation
 M - 2 scrolls of fear
Potions
 f - 3 potions of resistance
 o - 6 potions of curing
 r - a potion of brilliance
 B - 3 potions of flight
 G - a potion of lignification {unknown}
 K - 3 potions of agility
 Q - a potion of might {unknown}
Books
 a - a book of Conjurations

   Spells                             Type                      Level
   a - Magic Dart                     Conjuration                  1
   b - Searing Ray                    Conjuration                  2
   c - Dazzling Spray                 Conjuration/Hexes            3
   d - Fulminant Prism                Conjuration/Hexes            4
   e - Force Lance                    Conjuration/Translocation    4
   f - Iskenderun's Mystic Blast      Conjuration                  4
 q - a book of Changes

   Spells                             Type                      Level
   a - Beastly Appendage              Transmutation                1
   b - Sticks to Snakes               Transmutation                2
   c - Spider Form                    Transmutation/Poison         3
   d - Ice Form                       Ice/Transmutation            4
   e - Blade Hands                    Transmutation                5
 E - a book of Flames

   Spells                             Type                      Level
   a - Flame Tongue                   Conjuration/Fire             1
   b - Throw Flame                    Conjuration/Fire             2
   c - Conjure Flame                  Conjuration/Fire             3
   d - Inner Flame                    Hexes/Fire                   3
   e - Sticky Flame                   Conjuration/Fire             4
   f - Fireball                       Conjuration/Fire             5
Miscellaneous
 I - a crystal ball of energy
Comestibles
 b - 6 bread rations
 g - 5 meat rations
 O - 9 fruits


   Skills:
 - Level 10.0 Fighting
 + Level 6.0 Polearms
 - Level 7.1 Dodging
 - Level 1.7 Stealth
 - Level 9.0 Spellcasting
 - Level 10.2 Conjurations
 - Level 7.0 Hexes
 - Level 4.3 Transmutations
 - Level 5.0 Poison Magic
 - Level 7.1 Invocations


You had 10 spell levels left.
You knew the following spells:

 Your Spells              Type           Power        Failure   Level  Hunger
a - Magic Dart            Conj           ####         1%          1    None
b - Dazzling Spray        Conj/Hex       #####.       4%          3    None
c - Fulminant Prism       Conj/Hex       #####.....   9%          4    ###....
d - Iskenderun's Mystic   Conj           #####...     6%          4    ###....
e - Spider Form           Tmut/Pois      ####......   12%         3    None
f - Force Lance           Conj/Tloc      ####....     24%         4    ###....


Dungeon Overview and Level Annotations

Branches:
Dungeon (8/15)             Temple (0/1) D:5            Lair (6/6) D:8
 Shoals (0/4) Lair:2       Spider (0/4) Lair:4
  Slime: Lair:5-6

Altars:
Elyvilon
Gozag
Hepliaklqana
Okawaru
Ru
Sif Muna
Uskayaw
The Shining One

Shops:
D:5 [


Innate Abilities, Weirdness & Mutations

((You can breathe blasts of noxious fumes.))
((Your lurid green scales are hard. (AC +8)))
You cannot fit into any form of body armour.
((Your system is resistant to poisons. (rPois)))
((You are cold-blooded and may be slowed by cold attacks.))
Your life essence is reduced to manifest your ancestor. (-10% HP)
Your natural rate of healing is unusually fast.
Your muscles are strong. (Str +2)


Message History

The spiny frog is severely wounded.
The spiny frog stings you!
* * * LOW HITPOINT WARNING * * *
You hear a howl!
You hear a trumpeting!
A wolf comes into view.
You feel better.
The spiny frog stings you but does no damage.
Casting: Dazzling Spray
Confirm with . or Enter, or press ? or * to list all spells.
You don't know that spell.
Casting: Dazzling Spray
Confirm with . or Enter, or press ? or * to list all spells.
You turn into a venomous arachnid creature.
Your +2 scythe of distortion melds into your body.
The +0 pair of gloves of Fuiverghusa {rN+} melds into your body.
Your +1 pair of boots melds into your body.
The wolf closely misses you. The spiny frog misses you. The wolf bites you!
* * * LOW HITPOINT WARNING * * *
The spiny frog stings you!
You die...

..........$...............
..........................
..........................
.........................#
.........................P
.........................#
...†...†h.................
.......†Fs...............#
......†h#...............)#
....†P.†##................
..(......##.............<#
.....♣.P. ###.....######.#
....P..... ##..### ###
..h÷.P..P. ####
....P......


You could see a spiny frog and 3 wolves.

Vanquished Creatures
  3 hydras
  An elephant (Lair:3)
  2 black mambas
  3 spiny frogs
  A rime drake (Lair:3)
  8 komodo dragons
  2 jumping spiders (Lair:4)
  2 polar bears
  2 blink frogs
  2 hippogriffs
  Sigmund (D:2)
  3 redbacks (Lair:4)
  A spriggan (Lair:5)
  19 yaks
  A wyvern (D:8)
  A basilisk (Lair:4)
  2 wargs (D:8)
  8 water moccasins
  An orc warrior (D:6)
  5 porcupines
  3 ogres
  A phantom (D:8)
  16 wolves
  2 centaurs (D:8)
  10 crocodiles
  7 bullfrogs
  Dowan (D:7)
  2 scorpions
  4 killer bees (D:8)
  2 electric eels (Lair:4)
  A vampire bat (D:4)
  2 crimson imps
  2 jellies
  A gnoll shaman (D:5)
  4 orc priests
  An iguana (D:5)
  A bullfrog skeleton (D:6)
  Ijyb (D:5)
  5 hexers
  Natasha (thrice) (D:2)
  6 orc wizards
  6 worker ants
  An ancestor (D:8)
  A hound skeleton (D:7)
  6 gnolls
  3 adders
  A shadow imp (D:5)
  3 adder zombies
  2 adder skeletons
  5 worms
  2 dart slugs
  3 fire bats (D:4)
  4 leopard geckos
  20 orcs
  2 spectral bats (D:4)
  3 bat skeletons (D:4)
  A bat zombie (D:4)
  6 giant cockroaches
  4 goblins
  5 hobgoblins
  14 jackals
  7 kobolds
  4 quokkas
  A ball python (D:2)
  16 bats
  A bat simulacrum (D:4)
  5 frilled lizards
  A leopard gecko zombie (D:3)
  2 quokka skeletons
  A quokka zombie (D:3)
  5 rats
  A fungus (Lair:4)
  A plant (Lair:6)
280 creatures vanquished.

Vanquished Creatures (collateral kills)
  Fannar (Lair:1)
  2 hydras
  3 black mambas
  A merfolk siren (Lair:2)
  2 elephants
  A komodo dragon (Lair:2)
  A jumping spider (Lair:4)
  2 blink frogs (Lair:4)
  3 hippogriffs
  A shadow (D:7)
  2 yaks (Lair:1)
  A warg (D:8)
  Duvessa (D:7)
  4 water moccasins
  7 porcupines
  An orc warrior (D:8)
  A wolf (Lair:6)
  A phantom (D:7)
  2 crocodiles
  5 bullfrogs
  A scorpion (D:4)
  A jelly (D:5)
  An orc priest (D:8)
  2 orc wizards (D:5)
  An iguana (D:8)
  A shadow imp (D:6)
  An adder zombie (D:6)
  An adder skeleton (D:5)
  A leopard gecko (D:5)
  4 orcs
  A quokka (D:8)
  A fungus (Lair:3)
58 creatures vanquished.

Vanquished Creatures (others)
  A spiny frog (Lair:5)
  The ghost of dxctxrx the Conjurer, a novice OpCj (D:5)
  2 yaks
  A water moccasin (Lair:3)
  A sky beast (D:6)
  A crimson imp (D:6)
  8 hexers
  4 ancestors
  2 gnolls (D:5)
  A giant cockroach (D:2)
  A kobold (D:2)
  46 fulminant prisms
  2 fungi
  3 plants
74 creatures vanquished.

Grand Total: 412 creatures vanquished

Notes
Turn   | Place    | Note
-------+----------+-------------------------------------------
     0 | D:1      | Vasilisck the Draconian Conjurer began the quest for the Orb.
     0 | D:1      | Reached XP level 1. HP: 14/14 MP: 3/3
   156 | D:1      | Reached XP level 2. HP: 10/20 MP: 0/5
  1085 | D:2      | Reached XP level 3. HP: 26/26 MP: 0/7
  1164 | D:2      | Noticed Natasha
  1171 | D:2      | Killed Natasha
  1452 | D:2      | Learned a level 3 spell: Dazzling Spray
  1583 | D:2      | Found a white marble altar of Elyvilon.
  1588 | D:2      | Noticed Sigmund
  2035 | D:1      | Reached XP level 4. HP: 32/33 MP: 1/8
  2598 | D:2      | Noticed Natasha
  2618 | D:2      | Killed Natasha
  2618 | D:2      | Reached skill level 5 in Conjurations
  2618 | D:2      | Reached skill level 1 in Hexes
  3003 | D:2      | Killed Sigmund
  3003 | D:2      | Reached XP level 5. HP: 18/38 MP: 0/9
  3164 | D:2      | Noticed Natasha
  3167 | D:2      | Killed Natasha
  3167 | D:2      | Reached XP level 6. HP: 44/45 MP: 3/10
  4499 | D:4      | Found an iron altar of Okawaru.
  4515 | D:4      | Your scales start taking on a lurid green colour.
  4515 | D:4      | Reached XP level 7. HP: 50/50 MP: 5/13
  4515 | D:4      | Gained mutation: Your system is resistant to poisons. (rPois) [Green Draconian growth]
  4523 | D:4      | Gained mutation: Scrolls take you a little longer to read. [potion of mutation]
  4523 | D:4      | Gained mutation: Your spells are a little harder to cast, but a little more powerful. [potion of mutation]
  4826 | D:4      | Reached skill level 5 in Spellcasting
  4918 | D:4      | Found a white marble altar of Elyvilon.
  4919 | D:4      | Found a hide-covered altar of Uskayaw.
  4922 | D:4      | Found a hazy altar of Hepliaklqana.
  4938 | D:4      | Became a worshipper of Hepliaklqana the Forgotten
  4970 | D:4      | Reached skill level 1 in Fighting
  5636 | D:4      | Lost mutation: Scrolls take you a little longer to read. [potion of mutation]
  5636 | D:4      | Lost mutation: Your spells are a little harder to cast, but a little more powerful. [potion of mutation]
  5636 | D:4      | Gained mutation: Your muscles are strong. (Str +2) [potion of mutation]
  5636 | D:4      | Gained mutation: Your natural rate of healing is unusually fast. [potion of mutation]
  6016 | D:5      | Entered Level 5 of the Dungeon
  6016 | D:5      | Found a glowing golden altar of the Shining One.
  6020 | D:5      | Found a sacrificial altar of Ru.
  6084 | D:5      | Noticed dxctxrx's ghost (novice OpCj)
  6103 | D:5      | Banished dxctxrx's ghost
  6103 | D:5      | Reached XP level 8. HP: 47/63 MP: 6/15
  6111 | D:5      | Learned a level 4 spell: Fulminant Prism
  6390 | D:5      | Found Lusoot's Armour Emporium.
  6471 | D:5      | Bought a +0 pair of boots for 58 gold pieces
  6591 | D:5      | Found a staircase to the Ecumenical Temple.
  6665 | D:5      | Noticed Ijyb
  6674 | D:5      | Killed Ijyb
  6736 | D:5      | Found an opulent altar of Gozag.
  6740 | D:5      | Found a deep blue altar of Sif Muna.
  6749 | D:5      | Found a sacrificial altar of Ru.
  6946 | D:6      | Got a pair of ancient gloves
  6976 | D:6      | Identified the +0 pair of gloves of Fuiverghusa {rN+} (You found it on level 6 of the Dungeon)
  7111 | D:6      | Reached * piety under Hepliaklqana
  7361 | D:6      | Learned a level 4 spell: Iskenderun's Mystic Blast
  7516 | D:6      | Reached skill level 5 in Hexes
  7523 | D:6      | Reached XP level 9. HP: 48/71 MP: 11/18
  7956 | D:7      | Noticed Duvessa
  7962 | D:7      | Noticed Dowan
  7967 | D:7      | Killed Duvessa
  7990 | D:7      | Killed Dowan
  9250 | D:8      | Reached ** piety under Hepliaklqana
  9251 | D:8      | Remembered your ancestor Zarja as a hexer
  9306 | D:8      | Found a staircase to the Lair.
  9503 | D:8      | Reached skill level 1 in Invocations
  9503 | D:8      | Reached XP level 10. HP: 77/77 MP: 21/21
  9524 | D:8      | Noticed a black mamba
  9536 | D:8      | Killed a black mamba
  9889 | Lair:1   | Entered Level 1 of the Lair of Beasts
 10202 | Lair:1   | Noticed Fannar
 10224 | Lair:1   | Killed Fannar
 10354 | Lair:1   | Learned a level 3 spell: Spider Form
 10396 | Lair:1   | Reached skill level 1 in Poison Magic
 10403 | Lair:1   | Reached skill level 1 in Transmutations
 11012 | Lair:1   | Reached *** piety under Hepliaklqana
 11309 | Lair:2   | Reached skill level 5 in Poison Magic
 11484 | Lair:2   | Noticed a black mamba
 11523 | Lair:2   | Killed a black mamba
 11523 | Lair:2   | Reached XP level 11. HP: 22/82 MP: 24/24
 11825 | Lair:2   | Learned a level 4 spell: Force Lance
 12053 | Lair:2   | Found a staircase to the Shoals.
 12369 | Lair:3   | Noticed a five-headed hydra
 12786 | Lair:3   | Reached **** piety under Hepliaklqana
 13129 | Lair:3   | Killed a five-headed hydra
 13935 | Lair:3   | Reached skill level 10 in Fighting
 14217 | Lair:4   | Noticed a five-headed hydra
 14223 | Lair:4   | Killed a six-headed hydra
 14223 | Lair:4   | Reached skill level 10 in Conjurations
 14223 | Lair:4   | Reached XP level 12. HP: 83/95 MP: 19/25
 14286 | Lair:4   | Noticed a six-headed hydra
 14294 | Lair:4   | Killed a six-headed hydra
 14294 | Lair:4   | Reached skill level 5 in Invocations
 14707 | Lair:4   | Found a hole to the Spider Nest.
 14813 | Lair:4   | Reached skill level 5 in Dodging
 15400 | Lair:5   | Noticed a six-headed hydra
 15405 | Lair:5   | Killed a six-headed hydra
 15950 | Lair:5   | Reached skill level 1 in Polearms
 16084 | Lair:5   | Noticed a four-headed hydra
 16093 | Lair:5   | Killed a four-headed hydra
 16724 | Lair:5   | Reached skill level 5 in Polearms
 16907 | Lair:6   | Entered Level 6 of the Lair of Beasts
 16940 | Lair:6   | Reached ***** piety under Hepliaklqana
 16959 | Lair:6   | HP: 2/95 [spiny frog (17)]
 16962 | Lair:6   | Slain by a spiny frog

Skill      XL: |  1  2  3  4  5  6  7  8  9 10 11 12 |
---------------+-------------------------------------+-----
Spellcasting   | 3 4 5 6 7 9 |  9.0
Conjurations   | 5 6 7 10 | 10.2
Hexes          | 3 4 5 7 |  7.0
Fighting       | 6 7 10 | 10.0
Dodging        | 2 4 7 |  7.1
Invocations    | 1 4 7 |  7.1
Poison Magic   | 5 |  5.0
Transmutations | 3 4 |  4.3
Polearms       | 6 |  6.0
Stealth        | |  1.7

Action                   |  1- 3 |  4- 6 |  7- 9 | 10-12 || total
-------------------------+-------+-------+-------+-------++-------
Melee: Unarmed           |    24 |     7 |       |    14 ||    45
       Tailslap          |     1 |     3 |     5 |    10 ||    19
       Mace              |       |     4 |       |       ||     4
       Scythe            |       |    22 |    72 |   110 ||   204
 Cast: Magic Dart        |    65 |   120 |   247 |   277 ||   709
       Dazzling Spray    |     1 |     5 |    16 |    52 ||    74
       Fulminant Prism   |       |       |    13 |    33 ||    46
       Iskenderun's Myst |       |       |    13 |   103 ||   116
       Spider Form       |       |       |       |     4 ||     4
       Force Lance       |       |       |       |     2 ||     2
Invok: Ancestor Identity |       |       |     2 |       ||     2
       Recall Ancestor   |       |       |     1 |     1 ||     2
       Ancestor Life: He |       |       |     1 |       ||     1
       Transference      |       |       |       |     1 ||     1
       Idealise          |       |       |       |     1 ||     1
 Abil: Breathe Noxious F |       |       |     3 |    17 ||    20
Evoke: Wand              |       |       |     1 |     2 ||     3
  Use: Scroll            |       |     4 |    14 |     5 ||    23
       Potion            |       |     2 |     4 |     2 ||     8
 Stab: Sleeping          |       |       |     1 |     1 ||     2
       Invisible         |       |       |     1 |       ||     1
       Distracted        |       |       |       |     4 ||     4
       Confused          |       |       |       |     2 ||     2
  Eat: Chunk             |     2 |     3 |    12 |    22 ||    39
       Royal jelly       |     1 |     1 |     1 |     3 ||     6
       Bread ration      |       |     1 |     1 |     1 ||     3
       Fruit             |       |       |       |     1 ||     1
       Meat ration       |       |       |       |     1 ||     1
Armor: Skin              |    12 |    12 |    75 |    79 ||   178
Dodge: Dodged            |    19 |    40 |   154 |   252 ||   465
